 Dungeon Crawl Stone Soup version 0.31-a0-819-gf6de2f5ab6 (webtiles) character file.

Game seed: 5032067924846694967

147 qw the Shooter (level 5, -2/32 HPs)
             Began as a Gargoyle Hunter on Sept 23, 2023.
             Killed by divine providence
             ... invoked by an orc priest
              (11 damage)
             ... on level 3 of the Dungeon.
             The game lasted 00:00:29 (1516 turns).

qw the Shooter (Gargoyle Hunter)                    Turns: 1516, Time: 00:00:29

Health: -2/32      AC:  7    Str: 15    XL:     5   Next: 29%
Magic:  5/5        EV: 16    Int:  9    God:
Gold:   100        SH:  0    Dex: 15    Spells: 4/4 levels left

rFire   . . .        Y - +0 shortbow
rCold   . . .        (shield currently unavailable)
rNeg    + . .        c - +0 leather armour
rPois   inf          (no helmet)
rElec   +            (no cloak)
rCorr   .            (no gloves)
SInv    +            (no boots)
Will    .....        l - amulet of the acrobat
Stlth   ++           d - +5 ring of evasion
HPRegen 0.25/turn    h - ring of see invisible
MPRegen 0.09/turn

%: acrobat
@: no status effects
A: sickness immunity, AC +4, negative energy resistance 1, electricity
resistance, torment resistance 1, petrification resistance
a: no special abilities


You were on level 3 of the Dungeon.
You visited 1 branch of the dungeon, and saw 3 of its levels.

You collected 100 gold pieces.


Innate Abilities, Weirdness & Mutations

You are immune to sickness and miasma.
Your stone body is resilient. (AC +4)
You are immune to poison.
You resist negative energy. (rN+)
You are resistant to electric shocks. (rElec)
You are resistant to unholy torment.
You are immune to petrification.


   Skills:
 + Level 3.2 Fighting
 - Level 6.0 Ranged Weapons
 - Level 1.5 Dodging
 - Level 1.1 Stealth


You had 4 spell levels left.
You didn't know any spells.
Your spell library was empty.

Inventory:

Hand Weapons
 Y - a +0 shortbow (weapon)
Armour
 c - a +0 leather armour (worn)
Jewellery
 d - a +5 ring of evasion (left hand)
 h - a ring of see invisible (right hand)
 l - an amulet of the acrobat (around neck)
Scrolls
 a - a scroll of amnesia {unknown}
 e - a scroll of poison {unknown}
Potions
 b - a potion of attraction {unknown}
 f - 2 potions of heal wounds
 g - a potion of brilliance {unknown}
 i - a potion of mutation {unknown}
 k - a potion of degeneration {unknown}

Dungeon Overview and Level Annotations

Branches:
Dungeon (3/15)

Altars:


Message History

The orc priest is almost dead.
The orc completely misses you.
The orc priest looks braver for a moment.
The orc priest misses you.
You shoot an arrow. The arrow hits the orc priest.
You kill the orc priest!
The orc misses you. The orc priest closely misses you.
Your Ranged Weapons skill increases to level 6!
You shoot an arrow. The arrow barely misses the orc wizard.
The orc priest barely misses you. The orc closely misses you.
The orc wizard hits you but does no damage.
You shoot an arrow. The arrow barely misses the orc wizard.
The orc misses you.
The orc priest hits you from afar with a +0 trident.
The orc wizard hits you but does no damage.
You shoot an arrow. The arrow hits the orc wizard.
The orc wizard is lightly wounded.
The orc misses you. The orc priest misses you.
The orc wizard hits you with a +0 dagger.
You shoot an arrow.
The arrow hits the orc wizard but does no damage.
The orc wizard is lightly wounded.
The orc wizard casts a spell at you. You resist with some effort.
The orc closely misses you. The orc priest closely misses you.
You shoot an arrow. The arrow hits the orc wizard.
The orc wizard is moderately wounded.
The orc hits you with a +0 club. The orc priest barely misses you.
The orc wizard hits you but does no damage.
You shoot an arrow.
The arrow hits the orc wizard but does no damage.
The orc wizard is moderately wounded.
The orc misses you.
The orc priest hits you from afar with a +0 trident.
The orc wizard hits you with a +0 dagger.
The orc wizard hits you but does no damage.
The orc barely misses you.
The orc priest mumbles some strange prayers to Beogh against you.
Beogh smites you!
You die...

....##########.#.#
#....####
###.#..........#.#
#.##.#...
#.#.##########.#
#######.#.## #.#.#
#.# ............
#.#.# #.#
############ #.#.#
#.# #.#.# #.###
#.#.#### #ooo##
#....#######@#..#
#.....)......##o#
#...........##.o.#
####.########$8.8o#
#.# #.o..$# #.#
#.8o8.# #.# ##.o.##
#.# ##### ..#


You could see an orc priest, an orc wizard and an orc.

Vanquished Creatures
  An orc priest (D:3)
  2 orc wizards (D:3)
  4 adders
  2 dart slugs (D:1)
  4 orcs (D:3)
  A ball python (D:3)
  A bat (D:2)
  An endoplasm (D:3)
  4 goblins
  5 kobolds (D:1)
  A quokka (D:1)
  A frilled lizard (D:2)
  4 rats
31 creatures vanquished.

Notes
Turn   | Place    | Note
-------+----------+-------------------------------------------
     0 | D:1      | qw the Gargoyle Hunter began the quest for the Orb.
     0 | D:1      | Reached XP level 1. HP: 12/12 MP: 1/1
     0 | D:1      | 0 ||| qw: Version: 0.3-a-83-gcd0e7d8
     0 | D:1      | 0 ||| qw: Game counter: 1492
     0 | D:1      | 0 ||| qw: Melee chars always use a shield: true
     0 | D:1      | 0 ||| qw: God list: Okawaru
     0 | D:1      | 0 ||| qw: Allow faded altars: false
     0 | D:1      | 0 ||| qw: Do Orc after clearing Dungeon:15 true
     0 | D:1      | 0 ||| qw: Do second Lair branch before Depths: true
     0 | D:1      | 0 ||| qw: Lair rune preference: random
     0 | D:1      | 0 ||| qw: Goals: Normal
     0 | D:1      | 0 ||| PLANNING D:1-11
    97 | D:1      | Reached XP level 2. HP: 17/17 MP: 2/2
   451 | D:1      | 451 ||| UPGRADING to +5 ring of evasion.
   452 | D:1      | 452 ||| UPGRADING to ring of see invisible.
   453 | D:1      | 453 ||| READING scroll labelled GEGGEM YVOAHOA.
   454 | D:1      | 454 ||| DRINKING 3 black potions.
   455 | D:1      | 455 ||| DROPPING scroll of butterflies.
   482 | D:2      | Found a faded altar of an unknown god.
   857 | D:2      | Reached XP level 3. HP: 21/21 MP: 3/3
   896 | D:2      | Reached skill level 5 in Ranged Weapons
  1097 | D:2      | 1097 ||| UPGRADING to amulet of the acrobat.
  1102 | D:2      | 1102 ||| READING scroll labelled SEHESEO WECIE.
  1103 | D:2      | 1103 ||| READING scroll labelled TIMINGYXAT.
  1104 | D:2      | 1104 ||| READING scroll labelled XEVITI ZEOGERO.
  1105 | D:2      | 1105 ||| DRINKING 2 pink potions.
  1164 | D:3      | Reached skill level 3 in Fighting
  1164 | D:3      | Reached XP level 4. HP: 25/28 MP: 4/4
  1165 | D:3      | 1165 ||| FLEEEEING.
  1166 | D:3      | 1166 ||| FLEEEEING.
  1194 | D:3      | 1194 ||| DRINKING potion of curing.
  1194 | D:3      | 1194 ||| (to cure confusion)
  1494 | D:3      | 1494 ||| RETREEAATING.
  1495 | D:3      | 1495 ||| STILL RETREEAATING.
  1497 | D:3      | 1497 ||| Stepping ~*~*~tactically~*~*~ (retreating).
  1503 | D:3      | Reached XP level 5. HP: 28/32 MP: 5/5
  1511 | D:3      | Reached skill level 6 in Ranged Weapons
  1516 | D:3      | Killed from afar by an orc priest

Levels and vault maps discovered:
D:1:      saegor_arrival_simple_b, layout_basic, minmay_pentomino_o2
D:2:      layout_loops_ring, ebering_ecumenical_altar_box
D:3:      minmay_evil_eye, layout_basic, kennysheep_orc_chapel

Skill      XL: |  1  2  3  4  5 |
---------------+----------------+-----
Ranged Weapons | 5 6 |  6.0
Fighting       | 3 |  3.2
Dodging        | |  1.5
Stealth        | |  1.1

Action                     |  1- 3 |  4- 6 || total
---------------------------+-------+-------++-------
   Fire: Shortbow          |    56 |    42 ||    98
    Use: Scroll            |     4 |       ||     4
         Potion            |     2 |     1 ||     3
 Armour: Leather armour    |    10 |    19 ||    29
  Dodge: Dodged            |     8 |    42 ||    50

Table legend:
 A = Non-vault XP
 B = Vault XP
 C = Vault XP percentage of total XP
 D = Non-vault monster count
 E = Vault monster count
 F = Vault count percentage of total count
                 A         B        C        D         E       F
            +---------+---------+-------+---------+---------+-------
      Total |     166 |      45 |  21.3 |      28 |       3 |   9.7
            +---------+---------+-------+---------+---------+-------
        D:1 |      20 |       1 |   4.8 |      10 |       1 |   9.1
        D:2 |      34 |       0 |   0.0 |       8 |       0 |   0.0
        D:3 |     112 |      44 |  28.2 |      10 |       2 |  16.7
            +---------+---------+-------+---------+---------+-------
